 Dungeon Crawl Stone Soup version 0.28.0-53-g5a82cb258f (webtiles) character file.

Game seed: 5967657619372741283

3356 cbfl8 the Cleaver (level 9, -2/123 HPs)
             Began as a Minotaur Berserker on Sept 16, 2022.
             Was a High Priest of Trog.
             Slain by an orc
             ... wielding a +0 halberd
              (6 damage)
             ... in a bailey.
             The game lasted 00:08:53 (7494 turns).

cbfl8 the Cleaver (Minotaur Berserker)              Turns: 7494, Time: 00:08:54

Health: -2/123     AC: 11    Str: 27    XL:     9   Next: 73%
Magic:  17/17      EV: 14    Int:  4    God:    Trog [*****.]
Gold:   414        SH:  0    Dex: 15    Spells: 8/8 levels left

rFire   . . .      SeeInvis .   r - +1 war axe
rCold   . . .      Faith    .   (no shield)
rNeg    + + +      Spirit   .   s - +0 chain mail
rPois   .          Reflect  .   (helmet restricted)
rElec   .          Harm     .   i - +0 cloak
rCorr   .          Rampage  .   m - -1 pair of gloves "Trusted Companion" {rN++ Regen+}
Will    .....                   (no boots)
Stlth   ..........              (no amulet)
HPRegen 1.10/turn               y - +6 ring of strength
MPRegen 0.15/turn               B - ring of the Sparrow {rN+ MP+9 EV+4}

@: berserking, very quick
A: horns 2, retaliatory headbutt
a: Renounce Religion, Berserk, Trog's Hand, Brothers in Arms


You were in a bailey.
You worshipped Trog.
Trog was extremely pleased with you.
You visited 1 branch of the dungeon, and saw 7 of its levels.
You also visited: Sewer and Bailey.

You collected 414 gold pieces.

Inventory:

Hand Weapons
 r - a +1 war axe (weapon)
Armour
 i - a +0 cloak (worn)
 m - the -1 pair of gloves "Trusted Companion" (worn) {rN++ Regen+}
   (You found it on level 3 of the Dungeon)

   rN:        It greatly protects you from negative energy.
   Regen:     It increases your rate of health regeneration.
 s - a +0 chain mail (worn)
Jewellery
 y - a +6 ring of strength (left hand)
 B - the ring of the Sparrow (right hand) {rN+ MP+9 EV+4}
   (You found it on level 6 of the Dungeon)

   [ring of evasion]

   EV:        It affects your evasion (+4).
   rN:        It protects you from negative energy.
   MP:        It affects your magic capacity (+9).
 F - an amulet of regeneration
Wands
 q - a wand of mindburst (33) (quivered)
 D - a wand of polymorph (14)
 E - a wand of iceblast (10)
Scrolls
 b - a scroll of magic mapping
 g - 4 scrolls of teleportation
 h - a scroll of blinking
 k - a scroll of amnesia {unknown}
 p - a scroll of enchant armour
 w - a scroll of holy word
 z - 2 scrolls of fog
 C - a scroll of fear {unknown}
Potions
 a - a potion of flight {unknown}
 c - 2 potions of curing {unknown}
 d - 3 potions of might {unknown}
 e - a potion of berserk rage {unknown}
 f - a potion of brilliance {unknown}
 j - 3 potions of degeneration {unknown}
 l - 3 potions of resistance {unknown}
 n - 4 potions of mutation {unknown}
 o - a potion of ambrosia {unknown}
 t - a potion of attraction {unknown}
 u - 3 potions of haste {unknown}
 v - a potion of invisibility {unknown}
 x - a potion of experience {unknown}
 A - 3 potions of heal wounds


   Skills:
 * Level 8.6 Fighting
 * Level 12.1 Axes
 + Level 5.8 Armour
 + Level 4.1 Dodging
 + Level 1.1 Stealth
 * Level 3.9 Evocations


You had 8 spell levels left.
You didn't know any spells.
Your spell library was empty.

Dungeon Overview and Level Annotations

Branches:
Dungeon (7/15)             Temple (0/1) D:6           Sewer (visited)
 Bailey (1/1)

Altars:
Hepliaklqana
Makhleb
Vehumet
Xom

Shops:
D:1 (   D:2 *   D:7 *


Innate Abilities, Weirdness & Mutations

You have a pair of horns on your head.
You reflexively headbutt those who attack you in melee.


Message History

The orc hits you but does no damage. The orc misses you.
Unknown command.
You slash the orc warrior!
The orc warrior is almost dead.
You barely miss the orc warrior.
The orc warrior hits you with a +0 halberd!
The orc closely misses you. The orc barely misses you.
The orc closely misses you. The orc barely misses you.
The orc warrior hits you with a +0 glaive!
* * * LOW HITPOINT WARNING * * *
You are too injured to fight recklessly!
A red film seems to cover your vision as you go berserk!
You feel yourself moving faster!
You feel mighty!
The orc warrior hits you with a +0 halberd!
* * * LOW HITPOINT WARNING * * *
The orc barely misses you. The orc closely misses you.
The orc hits you but does no damage. x2
You barely miss the orc warrior.
The orc warrior is almost dead.
You hit the orc warrior. The orc warrior misses you.
You slice the orc warrior!!
You kill the orc warrior!
Trog accepts your kill.
You hit the orc warrior. The orc hits you but does no damage.
The orc closely misses you. The orc completely misses you.
The orc hits you but does no damage.
You slash the orc warrior!
The orc warrior is almost dead.
The orc misses you.
You closely miss the orc warrior.
The orc warrior is almost dead.
The orc barely misses you. x2; The orc closely misses you.
The orc warrior hits you with a +0 glaive!!
* * * LOW HITPOINT WARNING * * *
You slash the orc warrior!
You kill the orc warrior!
Trog accepts your kill. The orc misses you. The orc closely misses you.
The orc hits you from afar with a +0 halberd.
You die...

##'''##
#.....#
#.....#
#.....#
#.....#
#.....#
##'''##
##.....##
#).@)...#
#))#.#..#
#oo.oo..#
#.......#
#.......#
##.....##
#+++++#


You could see 4 orcs.

Vanquished Creatures
  Grinder (Sewer)
  3 water moccasins
  6 orc warriors
  3 ice beasts
  A centaur (D:5)
  4 ogres
  A black bear (D:6)
  A necrophage (D:4)
  A phantom (Sewer)
  A bullfrog (D:7)
  A kobold brigand (Sewer)
  A scorpion (D:6)
  A wyvern zombie (D:6)
  A water moccasin skeleton (D:5)
  A wight (Sewer)
  A howler monkey (D:4)
  3 bullfrog zombies
  3 iron imps (D:4)
  An orc priest (D:7)
  A hound (D:5)
  2 gnoll shamans (D:5)
  5 iguanas
  2 orc wizards (D:4)
  A killer bee zombie (D:7)
  A hound skeleton (D:5)
  18 gnolls
  A river rat (D:5)
  6 adders
  A shadow imp (D:7)
  4 ufetubi (Sewer)
  2 worms
  2 dart slugs (D:3)
  58 orcs
  9 ball pythons
  A bat zombie (Sewer)
  9 endoplasms
  6 giant cockroaches
  14 goblins
  14 hobgoblins
  18 jackals
  25 kobolds
  A quokka (D:1)
  4 bats
  3 kobold zombies (Sewer)
  A quokka skeleton (D:2)
  9 rats
  2 bushes (D:2)
255 creatures vanquished.

Vanquished Creatures (others)
  2 fungi (D:5)
  18 plants
20 creatures vanquished.

Grand Total: 275 creatures vanquished

Notes
Turn   | Place    | Note
-------+----------+-------------------------------------------
     0 | D:1      | cbfl8 the Minotaur Berserker began the quest for the Orb.
     0 | D:1      | Reached XP level 1. HP: 19/19 MP: 0/0
   118 | D:1      | Reached XP level 2. HP: 20/27 MP: 1/1
   132 | D:1      | Reached skill level 4 in Axes
   556 | D:1      | Reached ** piety under Trog
   557 | D:1      | Reached XP level 3. HP: 28/34 MP: 2/2
   924 | D:1      | Found Caonan's Antique Weapon Shoppe.
   954 | D:1      | You fall into a shaft and drop 1 floor!
   975 | D:2      | Found a shimmering altar of Xom.
  1132 | D:2      | Found Josiamym's Assorted Antiques.
  2062 | D:3      | Reached XP level 4. HP: 29/41 MP: 3/3
  2468 | D:3      | Reached skill level 5 in Axes
  2611 | D:3      | Reached skill level 1 in Evocations
  3113 | D:3      | Identified the -1 pair of gloves "Trusted Companion" {rN++
                  | Regen+}
  3236 | D:4      | Noticed an ogre
  3243 | D:4      | Killed an ogre
  3244 | D:4      | Reached skill level 5 in Fighting
  3244 | D:4      | Reached XP level 5. HP: 9/48 MP: 4/4
  3308 | D:4      | Noticed a necrophage
  3310 | D:4      | Reached *** piety under Trog
  3322 | D:4      | Killed a necrophage
  3323 | D:4      | Reached skill level 6 in Axes
  3323 | D:4      | Reached XP level 6. HP: 44/56 MP: 5/5
  3512 | D:4      | Noticed an orc warrior
  3518 | D:4      | Killed an orc warrior
  3519 | D:4      | Reached skill level 1 in Stealth
  3565 | D:4      | Found a burning altar of Makhleb.
  3595 | D:4      | Reached skill level 7 in Axes
  3776 | D:4      | Reached XP level 7. HP: 55/62 MP: 6/6
  4515 | D:5      | Entered Level 5 of the Dungeon
  4663 | D:5      | Reached **** piety under Trog
  4754 | D:5      | Reached skill level 8 in Axes
  4883 | D:5      | Found a glowing drain.
  4887 | Sewer    | Entered a sewer
  4972 | Sewer    | Reached XP level 8. HP: 69/71 MP: 7/7
  4990 | Sewer    | Reached ***** piety under Trog
  5008 | Sewer    | Found an ancient bone altar of Kikubaaqudgha.
  5015 | Sewer    | Noticed Grinder
  5023 | Sewer    | Killed Grinder
  5024 | Sewer    | Reached skill level 9 in Axes
  5083 | Sewer    | Identified the +5 flail of Qamitz {spect, Fly rF- Str+7
                  | Stlth+}
  5260 | D:5      | Found a hazy altar of Hepliaklqana.
  5350 | D:5      | Found a radiant altar of Vehumet.
  5361 | D:5      | Reached skill level 10 in Axes
  5684 | D:5      | Reached XP level 9. HP: 80/80 MP: 8/8
  6137 | D:6      | Identified the ring of the Sparrow {rN+ MP+9 EV+4}
  6441 | D:6      | Reached skill level 11 in Axes
  6498 | D:6      | Found a staircase to the Ecumenical Temple.
  6500 | D:6      | Found a faded altar of an unknown god.
  6617 | D:6      | Reached skill level 5 in Armour
  7091 | D:7      | Found Avapnel's Assorted Antiques.
  7202 | D:7      | Found a flagged portal.
  7213 | Bailey   | Entered a bailey
  7279 | Bailey   | Reached skill level 12 in Axes
  7493 | Bailey   | HP: 3/123 [orc warrior/+0 glaive (19)]
  7494 | Bailey   | Slain by an orc

Illustrated notes

Levels and vault maps discovered:
D:1:      lemuel_arrival_muddy, layout_basic, serial_shops,
          nicolae_shop_temple_entry_statues_fountains
D:2:      layout_loops_ring, serial_forest, infiniplex_forest_straight_2,
          infiniplex_forest_clump_tiny, infiniplex_forest_clump_tiny,
          infiniplex_forest_end_1, serial_shops, shop, basic_altar
D:3:      layout_loops_cross
D:4:      layout_basic, demons_altar, minmay_quantized
D:5:      lemuel_castle_with_subvaults [lemuel_castle_interior_carwin_1],
          layout_rooms, mainiacjoe_overflow_tiny_flanked,
          mainiacjoe_overflow_small_starburst, gup_sewer_entry_bowl,
          kennysheep_flooded_box, lightli_corner_chamber
D:6:      layout_cave_pods, nicolae_temple_entry_ecumenical
D:7:      layout_gridville, enter_bailey_3, serial_shops, kennysheep_mini_moat,
          kennysheep_generic_room_14
Bailey:   bailey_polearm_5, bailey

Skill      XL: |  1  2  3  4  5  6  7  8  9 |
---------------+----------------------------+-----
Fighting       | 4 5 6 7 8 |  8.6
Axes           | 4 5 6 7 8 10 12 | 12.1
Evocations     | 1 2 3 |  3.9
Stealth        | 1 |  1.1
Armour         | 3 4 5 |  5.8
Dodging        | 3 4 |  4.1

Action                   |  1- 3 |  4- 6 |  7- 9 || total
-------------------------+-------+-------+-------++-------
Melee: Hand axe          |   207 |   119 |    27 ||   353
       Headbutt          |    48 |    19 |    56 ||   123
       Punch             |     3 |     4 |     4 ||    11
       War axe           |       |       |   299 ||   299
Invok: Berserk           |       |     2 |     3 ||     5
  Use: Scroll            |       |       |     8 ||     8
 Stab: Distracted        |     1 |       |       ||     1
       Sleeping          |     1 |       |       ||     1
Armor: Animal skin       |    15 |       |       ||    15
       Leather armour    |     4 |    27 |     3 ||    34
       Chain mail        |       |       |   186 ||   186
Dodge: Dodged            |    66 |    53 |   288 ||   407
